 Dungeon Crawl Stone Soup version 0.29-a0-299-g4c793a2ed2 (webtiles) character file.

Game seed: 56756835312302873

67 kae the Firebug (level 4, 0/25 HPs)
             Began as a Tengu Fire Elementalist on Mar 24, 2022.
             Slain by a crimson imp (1 damage)
             ... summoned by Natasha
             ... on level 2 of the Dungeon.
             The game lasted 00:01:09 (1977 turns).

kae the Firebug (Tengu Fire Elementalist)           Turns: 1977, Time: 00:01:09

Health: 0/25       AC:  2    Str:  8    XL:     4   Next: 18%
Magic:  1/8        EV: 12    Int: 18    God:
Gold:   51         SH:  4    Dex: 14    Spells: 1/7 levels left

rFire   . . .      SeeInvis .   e - +1 spear
rCold   . . .      Faith    .   i - +0 buckler
rNeg    . . .      Spirit   .   a - +0 robe
rPois   .          Reflect  .   (helmet restricted)
rElec   .          Harm     .   (no cloak)
rCorr   .          Rampage  .   (no gloves)
Will    .....                   (boots unavailable)
Stlth   ++........              (no amulet)
HPRegen 0.08/turn               (no ring)
MPRegen 0.11/turn               (no ring)

@: very slightly contaminated, slowed, very slow
A: beak, talons 3
a: no special abilities


You were on level 2 of the Dungeon.
You visited 1 branch of the dungeon, and saw 2 of its levels.

You collected 87 gold pieces.
You spent 36 gold pieces at shops.

Inventory:

Hand Weapons
 e - a +1 spear (weapon)
Missiles
 f - a throwing net
Armour
 a - a +0 robe (worn)
 i - a +0 buckler (worn)
Scrolls
 c - a scroll of immolation
 j - a scroll of magic mapping {unknown}
 l - a scroll of enchant armour {unknown}
Potions
 b - a potion of magic
 d - a potion of flight
 g - 2 potions of might
 h - a potion of haste {unknown}
 k - 2 potions of degeneration {unknown}


   Skills:
 + Level 1.1 Fighting
 + Level 2.6 Dodging
 - Level 2.0 Stealth
 * Level 1.0 Shields
 + Level 2.3 Spellcasting
 + Level 2.3 Conjurations
 * Level 4.0 Fire Magic


You had one spell level left.
You knew the following spells:

 Your Spells              Type           Power      Damage    Failure   Level
a - Foxfire               Conj/Fire      52%        2x1d6     6%          1
b - Scorch                Fire           32%        2d7       7%          2
c - Conjure Flame         Conj/Fire      13%        6-21      19%         3

Your spell library contained the following spells:

 Spells                   Type           Power      Damage    Failure   Level
 Inner Flame              Hex/Fire       9%         N/A       30%         3
 Flame Wave               Conj/Fire      13%        2d6       54%         4
 Gell's Gravitas          Tloc           2%         N/A       56%         3
 Lesser Beckoning         Tloc           2%         N/A       56%         3
 Teleport Other           Tloc           2%         N/A       56%         3
 Tukima's Dance           Hex            2%         N/A       56%         3
 Anguish                  Hex/Necr       1%         N/A       93%         4
 Enfeeble                 Hex            1%         N/A       100%        7


Dungeon Overview and Level Annotations

Branches:
Dungeon (2/15)

Altars:

Shops:
D:1 [   D:2 *

Annotations:
D:2 Natasha


Innate Abilities, Weirdness & Mutations

You have a beak for a mouth.
You have claws for feet.


Message History

Natasha mumbles some strange words.
Casting: Scorch (safe; 7% risk of failure)
Confirm with . or Enter, or press ? or * to list all spells.
You miscast Scorch.
You are very lightly contaminated with residual magic.
Nothing appears to happen.
Natasha is no longer more vulnerable to fire.
Natasha stares at you and mumbles some strange words.
You feel as though you will be slow longer.
The crimson imp blinks!
Casting: Scorch (safe; 7% risk of failure)
Confirm with . or Enter, or press ? or * to list all spells.
Flames lash Natasha.
Natasha is almost dead.
Natasha's fire resistance burns away.
Natasha mumbles some strange words.
You block Natasha's attack. Natasha closely misses you.
Casting: Scorch (safe; 7% risk of failure)
Confirm with . or Enter, or press ? or * to list all spells.
You miscast Scorch.
Nothing appears to happen.
Natasha stares at you and mumbles some strange words.
You feel as though you will be slow longer.
You barely miss Natasha. Your kick misses Natasha.
Natasha is almost dead.
Natasha is no longer more vulnerable to fire.
Natasha casts a spell.
Natasha casts a spell at you. The magic dart hits you!
You closely miss Natasha.
Natasha is almost dead.
The crimson imp blinks!
Natasha casts a spell at you. The magic dart hits you!
The crimson imp barely misses you.
The crimson imp blinks!
Natasha casts a spell at you. The magic dart hits you!
* * * LOW HITPOINT WARNING * * *
You closely miss Natasha. Your kick misses Natasha. Your peck misses Natasha.
Natasha is almost dead.
The crimson imp hits you.
You die...

..# #.#.# ### #.# # ### ###.#.#
#.# #.# # ######.#.#.###.###.# #
##......÷.........#.###### #
......#.##...............# #
......#.##..###.#.#.####.# ######
......#.##..# #.#.#.####.###.....
......#.##..###5#5#÷.......+.....
......#......(..@...####.###.....
......#.#...###.#h### ##.........
##+####.#........5.. ...........
##.# #.#..######................
##.# #.#..# #.#######+##.....
##.####.#..######.# #####.##[....
................... .............
................... .....>...###.
##..............# ##.####..###.


You could see Natasha and 3 crimson imps.

Vanquished Creatures
  Natasha (D:2)
  2 adders (D:2)
  2 endoplasms (D:1)
  A giant cockroach (D:1)
  A hobgoblin (D:1)
  5 jackals (D:1)
  3 quokkas (D:1)
  2 ball pythons (D:1)
  A bat (D:1)
  A goblin (D:1)
  2 kobolds (D:1)
  3 rats
24 creatures vanquished.

Vanquished Creatures (others)
  44 foxfires
44 creatures vanquished.

Grand Total: 68 creatures vanquished

Notes
Turn   | Place    | Note
-------+----------+-------------------------------------------
     0 | D:1      | kae the Tengu Fire Elementalist began the quest for the
                  | Orb.
     0 | D:1      | Reached XP level 1. HP: 10/10 MP: 4/4
   165 | D:1      | Found Pehib's Armour Emporium.
   291 | D:1      | Reached XP level 2. HP: 15/15 MP: 3/6
   577 | D:1      | Learned a level 2 spell: Scorch
  1300 | D:2      | Reached XP level 3. HP: 20/20 MP: 4/7
  1304 | D:2      | Learned a level 3 spell: Conjure Flame
  1409 | D:2      | Found Taoles's Assorted Antiques.
  1417 | D:2      | Bought a scroll labelled NOCINO JEICU for 18 gold pieces
  1417 | D:2      | Bought a scroll labelled NOCINO JEICU for 18 gold pieces
  1684 | D:2      | Noticed Natasha
  1693 | D:2      | Killed Natasha
  1694 | D:2      | Reached skill level 1 in Fighting
  1694 | D:2      | Reached skill level 1 in Shields
  1694 | D:2      | Reached skill level 4 in Fire Magic
  1694 | D:2      | Reached XP level 4. HP: 11/25 MP: 2/8
  1966 | D:2      | Noticed Natasha
  1976 | D:2      | HP: 1/25 [Natasha/magic dart (7)]
  1977 | D:2      | Slain by a crimson imp

Illustrated notes

Levels and vault maps discovered:
D:1:      lemuel_arrival_muddy, layout_basic, serial_shops, shop_statue
D:2:      layout_basic, serial_shops, shop, uniq_natasha

Skill      XL: |  1  2  3 |
---------------+----------+-----
Conjurations   | 2 |  2.3
Fighting       | 1 |  1.1
Shields        | 1 |  1.0
Fire Magic     | 4 |  4.0
Dodging        | |  2.6
Stealth        | |  2.0
Spellcasting   | |  2.3

Action                   |  1- 3 |  4- 6 || total
-------------------------+-------+-------++-------
Melee: Spear             |    26 |     3 ||    29
       Kick              |     8 |       ||     8
       Peck              |     4 |       ||     4
 Cast: Foxfire           |    28 |       ||    28
       Scorch            |       |     2 ||     2
  Use: Scroll            |     5 |       ||     5
Armor: Robe              |     4 |       ||     4
Dodge: Dodged            |    12 |     2 ||    14
Block: Buckler           |     1 |     1 ||     2

Table legend: (Time is in decaauts)
 A = Elapsed time spent in this place.
 B = Non-inter-level travel time spent in this place.
 C = Inter-level travel time spent in this place.
 D = Time resting spent in this place.
 E = Time spent auto-exploring this place.
 F = Levels seen in this place.
 G = Mean time per level.
                   A        B        C        D        E       F      G
               +--------+--------+--------+--------+--------+-----+--------+
         Total |   1983 |   1940 |     43 |      0 |   1745 |   2 |  991.5 |
       Dungeon |   1983 |   1940 |     43 |      0 |   1745 |   2 |  991.5 |
               +--------+--------+--------+--------+--------+-----+--------+

Top non-repeatable levels by time:
     D:1: 1203 daAuts
     D:2: 780 daAuts
